 Dungeon Crawl Stone Soup version 0.28-a0-925-gd5e1996cdb (webtiles) character file.

Game seed: 1546280713726884642

27 ders the Digger (level 3, -1/19 HPs)
             Began as a Gargoyle Earth Elementalist on Nov 27, 2021.
             Slain by Terence (6 damage)
             ... on level 3 of the Dungeon.
             The game lasted 00:01:50 (1082 turns).

ders the Digger (Gargoyle Earth Elementalist)       Turns: 1082, Time: 00:01:50

Health: -1/19      AC:  5    Str: 11    XL:     3   Next: 10%
Magic:  6/6        EV: 11    Int: 16    God:
Gold:   59         SH:  0    Dex: 10    Spells: 5/6 levels left

rFire   . . .      SeeInvis .   (no weapon)
rCold   . . .      Faith    .   (no shield)
rNeg    + . .      Spirit   .   b - +0 robe
rPois   ∞          Reflect  .   (no helmet)
rElec   +          Harm     .   (no cloak)
rCorr   .          Rampage  .   (no gloves)
Will    .....                   (no boots)
Stlth   ++........              (no amulet)
HPRegen 0.06/turn               (no ring)
MPRegen 0.10/turn               (no ring)

@: no status effects
A: sickness immunity, AC +3, negative energy resistance 1, electricity
resistance, torment resistance 1, petrification resistance
a: no special abilities


You were on level 3 of the Dungeon.
You visited 1 branch of the dungeon, and saw 3 of its levels.

You collected 59 gold pieces.

Inventory:

Missiles
 c - 91 stones
Armour
 b - a +0 robe (worn)
Scrolls
 d - a scroll of noise
 f - a scroll of enchant weapon
Potions
 e - a potion of curing {unknown}


   Skills:
 - Level 1.5 Dodging
 - Level 2.1 Stealth
 + Level 2.4 Spellcasting
 + Level 1.5 Conjurations
 - Level 0.7 Transmutations
 + Level 4.2 Earth Magic


You had 5 spell levels left.
You knew the following spells:

 Your Spells              Type           Power      Damage    Failure   Level
a - Sandblast             Erth           30%        2d9       3%          1

Your spell library contained the following spells:

 Spells                   Type           Power      Damage    Failure   Level
 Passwall                 Tmut/Erth      7%         N/A       11%         2
 Stone Arrow              Conj/Erth      22%        3d8       19%         3
 Petrify                  Tmut/Erth      9%         N/A       58%         4


Dungeon Overview and Level Annotations

Branches:
Dungeon (3/15)

Altars:

Shops:
D:1 !   D:2 *

Annotations:
D:3 Terence


Innate Abilities, Weirdness & Mutations

You are immune to sickness and miasma.
Your stone body is resilient. (AC +3)
You are immune to poison.
You resist negative energy. (rN+)
You are resistant to electric shocks. (rElec)
You are resistant to unholy torment.
You are immune to petrification.


Message History

Aiming: Sandblast (safe; 3% risk of failure)
Press: ? - help, Shift-Dir - straight line, f/p - Terence
Aim: Terence, wielding a +0 short sword and wearing a +0 chain mail (85% to hit)
The blast of sand hits Terence but does no damage.
Terence hits you with a +0 short sword.
Unknown command.
Casting: Sandblast (safe; 3% risk of failure)
Confirm with . or Enter, or press ? or * to list all spells.
Aiming: Sandblast (safe; 3% risk of failure)
Press: ? - help, Shift-Dir - straight line, f/p - Terence
Aim: Terence, wielding a +0 short sword and wearing a +0 chain mail (85% to hit)
The blast of sand hits Terence but does no damage.
Terence misses you.
Unknown command.
Unknown command.
As you read the scroll labelled PYOVAR XITOS, it crumbles to dust.
It is a scroll of enchant weapon.
You aren't carrying any weapons that can be enchanted.
Terence hits you with a +0 short sword!
* * * LOW HITPOINT WARNING * * *
Your magical contamination has completely faded away.
Okay, then.
As you read the scroll labelled ZAUTWOZEGA, it crumbles to dust.
You hear a loud clanging noise!
It was a scroll of noise.
Terence barely misses you.
As you read the scroll labelled CEOQ TIMABURCHA, it crumbles to dust.
The creatures around you are filled with an inner flame!
It was a scroll of immolation.
Found a leather armour.
Found a stone staircase leading down.
Terence's inner flame fades away.
Found 11 gold pieces.
There is a stone staircase leading down here.
Terence hits you but does no damage.
You climb downwards.
There is a stone staircase leading up here.
Terence bares his teeth.
Terence hits you with a +0 short sword.
You die...

# .##
..# ...
###.#.#
#.....#
# #@# #
#.#@#.#
#..<..#
#.....#
#.....#
##.##.#
.. .#
#.# ..
... ###


You could see Terence.

Vanquished Creatures
  3 dart slugs (D:1)
  4 ball pythons
  2 endoplasms (D:1)
  2 giant cockroaches (D:1)
  2 hobgoblins
  3 kobolds (D:1)
  2 quokkas (D:1)
  A frilled lizard (D:1)
19 creatures vanquished.

Notes
Turn   | Place    | Note
-------+----------+-------------------------------------------
     0 | D:1      | ders the Gargoyle Earth Elementalist began the quest for
                  | the Orb.
     0 | D:1      | Reached XP level 1. HP: 10/10 MP: 3/3
   159 | D:1      | Reached XP level 2. HP: 15/15 MP: 1/5
   213 | D:1      | Found a faded altar of an unknown god.
   228 | D:1      | Reached skill level 1 in Conjurations
   343 | D:1      | Reached skill level 4 in Earth Magic
   520 | D:1      | Found Viam's Distillery.
   929 | D:2      | Found Kyskorar's General Store.
   943 | D:2      | Reached XP level 3. HP: 19/19 MP: 4/6
  1026 | D:2      | Noticed Terence
  1082 | D:3      | Slain by Terence

Illustrated notes

Levels and vault maps discovered:
D:1:      dpeg_arrival_pond, layout_loops_cross,
          hellmonk_ecumenical_altar_inner_sanctum, serial_shops,
          nicolae_shop_stone
D:2:      layout_basic, serial_shops, nicolae_shop_waterfront,
          grunt_decor_clamped, uniq_terence
D:3:      layout_loops_ring, grunt_temple_overflow_order_and_chaos_1,
          minitemple, gammafunk_ghost_abyssal_escape, serial_co_window_serial,
          co_window_paths_a, co_window_cross_1, co_window_corner_a,
          co_window_paths_b, co_window_paths_b, co_window_paths_b,
          co_window_of_opportunity_a, co_window_of_opportunity_b,
          co_window_paths_c, co_window_broadway_b, glass_columns_a,
          glass_columns_a, st_stairs_1

Skill      XL: |  1  2 |
---------------+-------+-----
Conjurations   | 1 |  1.5
Earth Magic    | 4 |  4.2
Dodging        | |  1.5
Stealth        | |  2.1
Spellcasting   | |  2.4
Transmutations | |  0.7

Action                   || total
-------------------------++-------
Melee: Unarmed           ||     1
 Cast: Sandblast         ||    30
  Use: Scroll            ||     3
Armor: Robe              ||     2
Dodge: Dodged            ||     3

Table legend: (Time is in decaauts)
 A = Elapsed time spent in this place.
 B = Non-inter-level travel time spent in this place.
 C = Inter-level travel time spent in this place.
 D = Time resting spent in this place.
 E = Time spent auto-exploring this place.
 F = Levels seen in this place.
 G = Mean time per level.
                   A        B        C        D        E       F      G
               +--------+--------+--------+--------+--------+-----+--------+
         Total |   1081 |   1066 |     15 |     58 |    845 |   3 |  360.3 |
       Dungeon |   1081 |   1066 |     15 |     58 |    845 |   3 |  360.3 |
               +--------+--------+--------+--------+--------+-----+--------+

Top non-repeatable levels by time:
     D:1: 893 daAuts
     D:2: 186 daAuts
     D:3: 1 daAuts
